 Dungeon Crawl Stone Soup version 0.31-a0-236-g9a0961fb85 (webtiles) character file.

Game seed: 16016532979587425833

109 qw the Shooter (level 4, -2/36 HPs)
             Began as a Minotaur Hexslinger on July 10, 2023.
             Slain by an orc priest
             ... wielding a +0 dagger
              (3 damage)
             ... on level 3 of the Dungeon.
             The game lasted 00:00:39 (1810 turns).

qw the Shooter (Minotaur Hexslinger)                Turns: 1810, Time: 00:00:39

Health: -2/36      AC:  3    Str: 12    XL:     4   Next: 59%
Magic:  4/4        EV: 12    Int: 10    God:
Gold:   122        SH:  0    Dex: 15    Spells: 4/5 levels left

rFire   . . .        Y - +1 sling
rCold   . . .        (no shield)
rNeg    . . .        j - +0 leather armour
rPois   .            (helmet restricted)
rElec   .            (no cloak)
rCorr   .            (no gloves)
SInv    .            (no boots)
Will    .....        (no amulet)
Stlth   +            (no ring)
HPRegen 0.26/turn    (no ring)
MPRegen 0.09/turn

%: no passive effects
@: no status effects
A: horns 2, retaliatory headbutt
a: no special abilities


You were on level 3 of the Dungeon.
You visited 1 branch of the dungeon, and saw 3 of its levels.

You collected 122 gold pieces.


Innate Abilities, Weirdness & Mutations

You have a pair of horns on your head.
You reflexively headbutt those who attack you in melee.


   Skills:
 + Level 2.0 Fighting
 - Level 5.1 Ranged Weapons
 - Level 2.1 Dodging
 - Level 1.0 Spellcasting
 - Level 2.0 Hexes


You had 4 spell levels left.
You knew the following spells:

 Your Spells              Type           Power      Damage    Failure   Level
a - Slow                  Hex            16%        N/A       19%         1

Your spell library contained the following spells:

 Spells                   Type           Power      Damage    Failure   Level
 Inner Flame              Hex/Fire       2%         N/A       65%         3
 Portal Projectile        Hex/Tloc       4%         N/A       65%         3
 Cause Fear               Hex            2%         N/A       88%         4

Inventory:

Hand Weapons
 Y - a +1 sling (weapon)
Armour
 f - a +0 ring mail
 h - a +1 cloak
 j - a +0 leather armour (worn)
Scrolls
 a - a scroll of identify
Potions
 b - a potion of might {unknown}
 c - a potion of resistance {unknown}
 d - a potion of haste {unknown}
 e - a potion of ambrosia {unknown}
 g - a potion of mutation {unknown}
 i - a potion of invisibility {unknown}
 k - 2 potions of curing {unknown}
 l - a potion of attraction {unknown}

Dungeon Overview and Level Annotations

Branches:
Dungeon (3/15)

Altars:


Message History

The orc wizard is severely wounded.
The orc wizard hits you with a +0 dagger.
You shoot a sling bullet.
The sling bullet closely misses the orc wizard.
The orc wizard hits you with a +0 dagger.
You shoot a sling bullet. The sling bullet hits the orc wizard.
You kill the orc wizard!
The orc priest mumbles some strange prayers to Beogh against you.
Pain shoots through your body!
Your Ranged Weapons skill increases to level 5!
You shoot a sling bullet.
The sling bullet completely misses the orc priest.
You shoot a sling bullet.
The sling bullet closely misses the orc priest.
The orc priest hits you but does no damage.
The orc priest closely misses you.
You shoot a sling bullet.
The sling bullet closely misses the orc priest.
The orc priest barely misses you.
You shoot a sling bullet. The sling bullet hits the orc priest.
The orc priest is moderately wounded.
The orc priest hits you with a +0 dagger.
You shoot a sling bullet. The sling bullet hits the orc priest.
The orc priest is moderately wounded.
The orc priest looks encouraged for a moment.
You shoot a sling bullet.
The sling bullet barely misses the orc priest.
The orc priest barely misses you.
You shoot a sling bullet.
The sling bullet barely misses the orc priest.
The orc priest looks encouraged for a moment.
The orc priest hits you with a +0 dagger.
You shoot a sling bullet. The sling bullet hits the orc priest.
The orc priest is heavily wounded.
The orc priest mumbles some strange prayers to Beogh against you.
Pain shoots through your body!
You shoot a sling bullet. The sling bullet hits the orc priest.
The orc priest is almost dead.
The orc priest hits you with a +0 dagger.
You die...

o# .. .. ## .# .. #.# ##
).# ####..# #.@o.)#
####.###.# #....# .#
########.##.###.# #
.........##.....#
##.##############.#########
.#. #.......... ...
#<.######## ... #.?#


You could see an orc priest.

Vanquished Creatures
  Natasha (D:2)
  An orc wizard (D:3)
  An adder (D:2)
  A worm (D:3)
  A dart slug (D:2)
  2 orcs (D:3)
  3 ball pythons
  3 endoplasms
  A giant cockroach (D:2)
  10 hobgoblins
  2 jackals (D:1)
  5 kobolds
  2 bats
  3 frilled lizards (D:1)
  A goblin (D:2)
  7 rats
44 creatures vanquished.

Notes
Turn   | Place    | Note
-------+----------+-------------------------------------------
     0 | D:1      | qw the Minotaur Hexslinger began the quest for the Orb.
     0 | D:1      | Reached XP level 1. HP: 16/16 MP: 1/1
     0 | D:1      | 0 ||| qw: Version: 0.3-a-52-g30416fa
     0 | D:1      | 0 ||| qw: Game counter: 4857
     0 | D:1      | 0 ||| qw: Melee chars always use a shield: true
     0 | D:1      | 0 ||| qw: God list: Okawaru
     0 | D:1      | 0 ||| qw: Allow faded altars: false
     0 | D:1      | 0 ||| qw: Do Orc after clearing Dungeon:15 true
     0 | D:1      | 0 ||| qw: Do second Lair branch before Depths: true
     0 | D:1      | 0 ||| qw: Lair rune preference: random
     0 | D:1      | 0 ||| qw: Goals: Normal
     0 | D:1      | 0 ||| PLANNING D:1-11
   142 | D:1      | Reached skill level 3 in Ranged Weapons
   145 | D:1      | Reached XP level 2. HP: 20/23 MP: 2/2
   784 | D:1      | 784 ||| UPGRADING to +0 leather armour.
   794 | D:1      | 794 ||| DROPPING +0 robe.
   795 | D:1      | 795 ||| DROPPING scarf of shadows.
   796 | D:1      | 796 ||| READING 2 scrolls labelled POTSUSCHUOLA.
   797 | D:1      | 797 ||| READING scroll labelled QOUSHR SONIEMEN.
   842 | D:1      | 842 ||| READING scroll labelled MUAJON JIMIGEI.
   843 | D:1      | 843 ||| READING 2 scrolls labelled LEIDO HOMODGH.
   844 | D:1      | 844 ||| DROPPING scroll of poison.
   845 | D:1      | 845 ||| DROPPING scroll of noise.
   894 | D:2      | Identified the +5 spear of Xom's Displeasure {heavy, rF++
                  | Dex+7 Stlth+}
   912 | D:2      | Reached XP level 3. HP: 29/29 MP: 3/3
  1047 | D:2      | Found a faded altar of an unknown god.
  1101 | D:2      | Reached skill level 4 in Ranged Weapons
  1396 | D:2      | Identified the +2 spear "Tuwusu" {pain, rN+}
  1522 | D:2      | 1522 ||| READING scroll labelled MAS GINUOMPYMI.
  1525 | D:2      | 1525 ||| READING scroll labelled TIUNAO ESSE.
  1548 | D:3      | Noticed Natasha
  1557 | D:3      | 1557 ||| STAIRDANCE
  1560 | D:2      | HP: 6/29 [Natasha (8)]
  1563 | D:2      | Killed Natasha
  1564 | D:2      | Reached XP level 4. HP: 8/36 MP: 4/4
  1796 | D:3      | 1796 ||| Stepping ~*~*~tactically~*~*~ (outnumbered).
  1802 | D:3      | Reached skill level 5 in Ranged Weapons
  1808 | D:3      | HP: 8/36 [orc priest/+0 dagger (5)]
  1809 | D:3      | HP: 1/36 [orc priest/nerve-wracking pain (8)]
  1810 | D:3      | Slain by an orc priest

Levels and vault maps discovered:
D:1:      dpeg_arrival_boxes_within_box, layout_basic
D:2:      layout_loops_ring, hellmonk_ecumenical_altar_arch_garden,
          nicolae_figureground_pulse
D:3:      layout_loops_ring, uniq_natasha, uniq_robin

Skill      XL: |  1  2  3  4 |
---------------+-------------+-----
Ranged Weapons | 3 4 5 |  5.1
Fighting       | 2 |  2.0
Dodging        | |  2.1
Spellcasting   | |  1.0
Hexes          | |  2.0

Action                     |  1- 3 |  4- 6 || total
---------------------------+-------+-------++-------
   Fire: Sling             |   114 |    40 ||   154
    Use: Scroll            |     6 |       ||     6
 Armour: Robe              |     1 |       ||     1
         Leather armour    |     2 |     1 ||     3
  Dodge: Dodged            |    22 |     6 ||    28

Table legend:
 A = Non-vault XP
 B = Vault XP
 C = Vault XP percentage of total XP
 D = Non-vault monster count
 E = Vault monster count
 F = Vault count percentage of total count
                 A         B        C        D         E       F
            +---------+---------+-------+---------+---------+-------
      Total |     120 |      36 |  23.1 |      43 |       1 |   2.3
            +---------+---------+-------+---------+---------+-------
        D:1 |      30 |       0 |   0.0 |      19 |       0 |   0.0
        D:2 |      39 |      36 |  48.0 |      16 |       1 |   5.9
        D:3 |      51 |       0 |   0.0 |       8 |       0 |   0.0
            +---------+---------+-------+---------+---------+-------
